| TOP OF THE 1ST |
|
Oklahoma City Dodgers batting - Pitching for Colorado Springs Sky Sox : RHP Andrew Ferrell
|
|
Pitching: RHP Andrew Ferrell
|
|
|
Batting: RHB Theo Schepers
|
0-0: Ball 1-0: Ball 2-0: Ball 3-0: Called Strike 3-1: Single, Error in OF, E9, batter to second base (Groundball, 34D, EV 100.6 MPH)
|
|
Batting: RHB Tommy Hunter
|
0-0: Called Strike 0-1: Ball 1-1: Ground out 6-3 (Groundball, 6, EV 76.9 MPH) Theo Schepers to third
|
|
Batting: LHB Chris Buchan
|
0-0: Called Strike 0-1: Foul Ball, location: 2F 0-2: Ball 1-2: Strikes out swinging
|
|
Batting: RHB John Piccolo
|
0-0: Ball 1-0: Foul Ball, location: 2F 1-1: Hit by Pitch
|
|
Batting: LHB Steve Pond
|
0-0: Ball 1-0: Called Strike 1-1: Ball 2-1: Ground out 4-3 (Groundball, 4, EV 84.4 MPH)
|
| Top of the 1st over - 0 runs, 1 hit, 1 error, 2 left on base; Oklahoma City 0 - Colorado Springs 0 |
| BOTTOM OF THE 1ST |
|
Colorado Springs Sky Sox batting - Pitching for Oklahoma City Dodgers : LHP Elijah McLeod
|
|
Pitching: LHP Elijah McLeod
|
|
|
Batting: RHB Eric Delgado
|
0-0: Called Strike 0-1: Ball 1-1: Swinging Strike 1-2: Ball 2-2: SINGLE (Line Drive, 89S, EV 97.5 MPH)
|
|
Batting: RHB Matviy Oliynyk
|
0-0: Called Strike Eric Delgado steals 2nd base (no throw) 0-1: Foul Ball, location: 2F 0-2: Foul Ball, location: 2F 0-2: Ball 1-2: Fly out, F9 (Flyball, 9, EV 86.9 MPH)
|
|
Batting: RHB Ryan Rinaldi
|
0-0: Ground out 5-3 (Groundball, 5, EV 103.1 MPH)
|
|
Batting: RHB Kevin Tangeman
|
0-0: Called Strike 0-1: Ball 1-1: Ball 2-1: Swinging Strike 2-2: Strikes out swinging
|
| Bottom of the 1st over - 0 runs, 1 hit, 0 errors, 1 left on base; Oklahoma City 0 - Colorado Springs 0 |
| TOP OF THE 2ND |
|
Oklahoma City Dodgers batting - Pitching for Colorado Springs Sky Sox : RHP Andrew Ferrell
|
|
Batting: LHB Darrell Ortega
|
0-0: Foul Ball, location: 2F 0-1: Ball 1-1: Ball 2-1: Ball 3-1: Called Strike 3-2: Foul Ball, location: 2F 3-2: Base on Balls
|
|
Batting: RHB Alex Cid
|
0-0: Ball 1-0: Ball 2-0: Ball 3-0: Base on Balls Darrell Ortega to second
|
|
Batting: LHB Ryan Murdock
|
0-0: Fielders Choice at 2nd, 6-4 (Groundball, 56, EV 108.1 MPH) Darrell Ortega to third
|
|
Batting: RHB Kevin Ezell
|
0-0: Fly out, F8 (Line Drive, 78M, EV 98.1 MPH) Runner from 3rd tags up, SCORES, no throw by CF
|
|
Batting: RHB Theo Schepers
|
0-0: Called Strike 0-1: Ball 1-1: Ball 2-1: Fly out, F4 (Flyball, 4MD, EV 87.5 MPH)
|
| Top of the 2nd over - 1 run, 0 hits, 0 errors, 1 left on base; Oklahoma City 1 - Colorado Springs 0 |
| BOTTOM OF THE 2ND |
|
Colorado Springs Sky Sox batting - Pitching for Oklahoma City Dodgers : LHP Elijah McLeod
|
|
Batting: SHB Chris Besselman
|
0-0: Ball 1-0: Called Strike 1-1: Called Strike 1-2: Ball 2-2: Strikes out swinging
|
|
Batting: RHB John Boyer
|
0-0: Ball 1-0: Ball 2-0: Foul Ball, location: 2F 2-1: Ball 3-1: Base on Balls
|
|
Batting: RHB Maurice Moore
|
0-0: SINGLE (Line Drive, 6MD, EV 97.5 MPH) John Boyer to second Runner from 2nd tries for 3rd, SAFE, throw by CF made to third
|
|
Batting: LHB Michael Krott
|
0-0: Fielders Choice at 2nd, 4-6 (Groundball, 4, EV 100.0 MPH) John Boyer scores
|
|
Batting: RHB Pei Xie
|
0-0: Foul Ball, location: 2F 0-1: Ball 1-1: Ball 2-1: Swinging Strike 2-2: SINGLE (Flyball, 3D, EV 83.8 MPH) Michael Krott to second Runner from 2nd tries for 3rd, SAFE, throw by RF made to third
|
|
Batting: RHB Eric Delgado
|
0-0: Ball 1-0: Ball 2-0: Swinging Strike 2-1: Ball 3-1: Swinging Strike 3-2: Strikes out swinging
|
| Bottom of the 2nd over - 1 run, 2 hits, 0 errors, 2 left on base; Oklahoma City 1 - Colorado Springs 1 |
| TOP OF THE 3RD |
|
Oklahoma City Dodgers batting - Pitching for Colorado Springs Sky Sox : RHP Andrew Ferrell
|
|
Batting: RHB Tommy Hunter
|
0-0: Ball 1-0: Called Strike 1-1: Foul Ball, location: 2F 1-2: SINGLE (Groundball, 56D, EV 101.9 MPH)
|
|
Batting: LHB Chris Buchan
|
0-0: Ball 1-0: Ball 2-0: Ball 3-0: Called Strike 3-1: Called Strike 3-2: DOUBLE (Line Drive, 8RXD, EV 108.1 MPH) Tommy Hunter to third Runner from 3rd tries for Home, SAFE, no throw by CF
|
|
Batting: RHB John Piccolo
|
0-0: Ball 1-0: Ball 2-0: Ball 3-0: Called Strike 3-1: Base on Balls
|
|
Batting: LHB Steve Pond
|
0-0: Foul Ball, location: 2F 0-1: Foul Ball, location: 2F 0-2: Ball 1-2: Ball 2-2: Foul Ball, location: 2F 2-2: Ball 3-2: Foul Ball, location: 2F 3-2: Strikes out swinging
|
|
Batting: LHB Darrell Ortega
|
0-0: Ball 1-0: Fielders Choice at 3rd, U5 (Groundball, 5L, EV 79.4 MPH) John Piccolo to second
|
|
Batting: RHB Alex Cid
|
0-0: Ball 1-0: Ground out U3 (Groundball, 3, EV 77.5 MPH)
|
| Top of the 3rd over - 1 run, 2 hits, 0 errors, 2 left on base; Oklahoma City 2 - Colorado Springs 1 |
| BOTTOM OF THE 3RD |
|
Colorado Springs Sky Sox batting - Pitching for Oklahoma City Dodgers : LHP Elijah McLeod
|
|
Batting: RHB Matviy Oliynyk
|
0-0: Fly out, F9 (Flyball, 89S, EV 81.9 MPH)
|
|
Batting: RHB Ryan Rinaldi
|
0-0: Called Strike 0-1: Ball 1-1: Ball 2-1: Ground out 5-3 (Groundball, 5D, EV 103.8 MPH)
|
|
Batting: RHB Kevin Tangeman
|
0-0: Called Strike 0-1: Ball 1-1: Swinging Strike 1-2: Ball 2-2: Foul Ball, location: 2F 2-2: TRIPLE (Flyball, 78XD, EV 101.9 MPH)
|
|
Batting: SHB Chris Besselman
|
0-0: Foul Ball, location: 2F 0-1: Foul Ball, location: 2F 0-2: Ball 1-2: SINGLE (Groundball, 34D, EV 94.4 MPH) Kevin Tangeman scores
|
|
Batting: RHB John Boyer
|
0-0: SINGLE (Groundball, 6MD, EV 104.4 MPH) Chris Besselman to second
|
|
Batting: RHB Maurice Moore
|
0-0: Called Strike 0-1: Fly out, F9 (Line Drive, 89M, EV 96.9 MPH)
|
| Bottom of the 3rd over - 1 run, 3 hits, 0 errors, 2 left on base; Oklahoma City 2 - Colorado Springs 2 |
| TOP OF THE 4TH |
|
Oklahoma City Dodgers batting - Pitching for Colorado Springs Sky Sox : RHP Andrew Ferrell
|
|
Batting: LHB Ryan Murdock
|
0-0: Ball 1-0: DOUBLE (Line Drive, 3D, EV 103.8 MPH)
|
|
Batting: RHB Kevin Ezell
|
0-0: Called Strike 0-1: Ball 1-1: Swinging Strike 1-2: Foul Ball, location: 2F 1-2: Ground out 2-3 (Groundball, 15S, EV 70.0 MPH) Ryan Murdock to third
|
|
Batting: RHB Theo Schepers
|
0-0: Called Strike 0-1: SINGLE (Groundball, 56D, EV 108.1 MPH) Ryan Murdock scores
|
|
Batting: RHB Tommy Hunter
|
0-0: Called Strike 0-1: Called Strike 0-2: Strikes out swinging
|
|
Batting: LHB Chris Buchan
|
0-0: SINGLE (Line Drive, 89M, EV 93.8 MPH) Theo Schepers to second Runner from 2nd tries for 3rd, SAFE, throw by CF made to third Chris Buchan to second
|
|
Batting: RHB John Piccolo
|
0-0: Ball 1-0: Ball 2-0: Called Strike 2-1: Swinging Strike 2-2: Strikes out swinging
|
| Top of the 4th over - 1 run, 3 hits, 0 errors, 2 left on base; Oklahoma City 3 - Colorado Springs 2 |
| BOTTOM OF THE 4TH |
|
Colorado Springs Sky Sox batting - Pitching for Oklahoma City Dodgers : LHP Elijah McLeod
|
|
Batting: LHB Michael Krott
|
0-0: Foul Ball, location: 2F 0-1: Ball 1-1: Ground out U3 (Groundball, 3, EV 91.9 MPH)
|
|
Batting: RHB Pei Xie
|
0-0: Ball 1-0: Ball 2-0: Called Strike 2-1: Fly out, F7 (Line Drive, 7, EV 95.6 MPH)
|
|
Batting: RHB Eric Delgado
|
0-0: Ground out 6-3 (Groundball, 6, EV 89.4 MPH)
|
| Bottom of the 4th over - 0 runs, 0 hits, 0 errors, 0 left on base; Oklahoma City 3 - Colorado Springs 2 |
| TOP OF THE 5TH |
|
Oklahoma City Dodgers batting - Pitching for Colorado Springs Sky Sox : RHP Andrew Ferrell
|
|
Batting: LHB Steve Pond
|
0-0: Called Strike 0-1: Ball 1-1: Called Strike 1-2: SINGLE (Flyball, 56D, EV 88.8 MPH)
|
|
Batting: LHB Darrell Ortega
|
0-0: Ball 1-0: Ball 2-0: Called Strike 2-1: Ball 3-1: Base on Balls Steve Pond to second
|
|
Batting: RHB Alex Cid
|
0-0: Ball 1-0: Swinging Strike 1-1: Ball 2-1: Fielders Choice at 2nd, 6-4 (Groundball, 56, EV 82.5 MPH) Steve Pond to third
|
|
Pitching: RHP Zach Sommer
|
|
|
Batting: LHB Ryan Murdock
|
0-0: Fly out, F7 (Flyball, 7D, EV 81.9 MPH) Runner from 3rd tags up, SCORES, no throw by LF
|
|
Batting: RHB Kevin Ezell
|
0-0: Ball 1-0: Ball 2-0: Ball 3-0: Base on Balls Alex Cid to second
|
|
Batting: RHB Theo Schepers
|
0-0: SINGLE (Groundball, 56S, EV 76.2 MPH) (infield hit) Alex Cid to third Kevin Ezell to second
|
|
Batting: RHB Tommy Hunter
|
0-0: Fly out, F9 (Line Drive, 9, EV 86.9 MPH)
|
| Top of the 5th over - 1 run, 2 hits, 0 errors, 3 left on base; Oklahoma City 4 - Colorado Springs 2 |
| BOTTOM OF THE 5TH |
|
Colorado Springs Sky Sox batting - Pitching for Oklahoma City Dodgers : LHP Elijah McLeod
|
|
Batting: RHB Matviy Oliynyk
|
0-0: Ball 1-0: Ball 2-0: Called Strike 2-1: Foul Ball, location: 2F 2-2: Foul Ball, location: 2F 2-2: Ball 3-2: Foul Ball, location: 2F 3-2: Strikes out looking
|
|
Batting: RHB Ryan Rinaldi
|
0-0: Ball 1-0: Fly out, F6 (Flyball, 56D, EV 80.0 MPH)
|
|
Batting: RHB Kevin Tangeman
|
0-0: Ball 1-0: Called Strike 1-1: Swinging Strike 1-2: Foul Ball, location: 2F 1-2: Fly out, F9 (Flyball, 9S, EV 81.2 MPH)
|
| Bottom of the 5th over - 0 runs, 0 hits, 0 errors, 0 left on base; Oklahoma City 4 - Colorado Springs 2 |
| TOP OF THE 6TH |
|
Oklahoma City Dodgers batting - Pitching for Colorado Springs Sky Sox : RHP Zach Sommer
|
|
Batting: LHB Chris Buchan
|
0-0: Ground out 4-3 (Groundball, 34D, EV 86.9 MPH)
|
|
Batting: RHB John Piccolo
|
0-0: Ground out 6-3 (Groundball, 6, EV 81.2 MPH)
|
|
Batting: LHB Steve Pond
|
0-0: Ball 1-0: Ball 2-0: Ball 3-0: Base on Balls
|
|
Batting: LHB Darrell Ortega
|
0-0: Swinging Strike 0-1: Swinging Strike 0-2: Ball 1-2: Ball 2-2: Ball 3-2: Strikes out swinging
|
| Top of the 6th over - 0 runs, 0 hits, 0 errors, 1 left on base; Oklahoma City 4 - Colorado Springs 2 |
| BOTTOM OF THE 6TH |
|
Colorado Springs Sky Sox batting - Pitching for Oklahoma City Dodgers : LHP Elijah McLeod
|
|
Batting: SHB Chris Besselman
|
0-0: Foul Ball, location: 2F 0-1: Ball 1-1: Ground out 5-3 (Groundball, 5S, EV 92.5 MPH)
|
|
Batting: RHB John Boyer
|
0-0: Called Strike 0-1: Ball 1-1: Ball 2-1: Foul Ball, location: 2F 2-2: SINGLE (Groundball, 6S, EV 60.6 MPH) (infield hit)
|
|
Batting: RHB Maurice Moore
|
0-0: Foul Ball, location: 2F 0-1: Ball 1-1: Called Strike 1-2: Foul Ball, location: 2F 1-2: Strikes out swinging
|
|
Batting: LHB Michael Krott
|
0-0: Called Strike 0-1: Ball 1-1: Ball 2-1: Ball 3-1: SINGLE (Groundball, 6MD, EV 105.0 MPH) John Boyer to second Runner from 2nd tries for 3rd, SAFE, throw by CF made to third
|
|
Batting: RHB Pei Xie
|
0-0: Ball 1-0: SINGLE (Line Drive, 4MD, EV 96.9 MPH) John Boyer scores Michael Krott to second Runner from 2nd tries for 3rd, OUT! 8-5
|
| Bottom of the 6th over - 1 run, 3 hits, 0 errors, 1 left on base; Oklahoma City 4 - Colorado Springs 3 |
| TOP OF THE 7TH |
|
Oklahoma City Dodgers batting - Pitching for Colorado Springs Sky Sox : RHP Zach Sommer
|
|
Batting: RHB Alex Cid
|
0-0: Fly out, F8 (Flyball, 8LD, EV 91.9 MPH)
|
|
Batting: LHB Ryan Murdock
|
0-0: Ball 1-0: Ball 2-0: Called Strike 2-1: Swinging Strike 2-2: Strikes out swinging
|
|
Batting: RHB Kevin Ezell
|
0-0: Ground out 4-3 (Groundball, 4, EV 109.4 MPH)
|
| Top of the 7th over - 0 runs, 0 hits, 0 errors, 0 left on base; Oklahoma City 4 - Colorado Springs 3 |
| BOTTOM OF THE 7TH |
|
Colorado Springs Sky Sox batting - Pitching for Oklahoma City Dodgers : LHP Elijah McLeod
|
|
Batting: RHB Eric Delgado
|
0-0: SOLO HOME RUN (Flyball, 7D, EV 103.8 MPH), Distance : 406 ft
|
|
Pitching: RHP Victor Torres
|
|
|
Batting: RHB Matviy Oliynyk
|
0-0: Ball 1-0: SINGLE (Groundball, 34D, EV 94.4 MPH)
|
|
Batting: RHB Ryan Rinaldi
|
0-0: Ball 1-0: Ball 2-0: Ball 3-0: Called Strike 3-1: Foul Ball, location: 2F 3-2: Strikes out swinging Matviy Oliynyk steals 2nd base Batter strikes out.
|
|
Batting: RHB Kevin Tangeman
|
0-0: Ball 1-0: Foul Ball, location: 2F 1-1: Ball 2-1: Fly out, F8 (Flyball, 8LD, EV 76.2 MPH)
|
|
Batting: SHB Chris Besselman
|
0-0: Called Strike 0-1: Ball 1-1: Swinging Strike 1-2: Foul Ball, location: 2F 1-2: DOUBLE (Line Drive, 9LM, EV 110.0 MPH) Matviy Oliynyk scores
|
|
Batting: RHB John Boyer
|
0-0: Called Strike 0-1: Ball 1-1: Swinging Strike 1-2: Ball 2-2: Strikes out swinging
|
| Bottom of the 7th over - 2 runs, 3 hits, 0 errors, 1 left on base; Oklahoma City 4 - Colorado Springs 5 |
| TOP OF THE 8TH |
|
Oklahoma City Dodgers batting - Pitching for Colorado Springs Sky Sox : RHP Zach Sommer
|
|
Pitching: RHP Davon Ware
|
|
|
Batting: RHB Theo Schepers
|
0-0: Ball 1-0: Ball 2-0: Fly out, F9 (Flyball, 89S, EV 78.1 MPH)
|
|
Batting: RHB Tommy Hunter
|
0-0: Ground out 4-3 (Groundball, 34, EV 81.9 MPH)
|
|
Pitching: LHP Eric Zielinski
|
|
|
Batting: LHB Chris Buchan
|
0-0: Ball 1-0: Ball 2-0: Called Strike 2-1: SINGLE (Groundball, 4, EV 100.0 MPH) (infield hit)
|
|
Batting: RHB John Piccolo
|
0-0: Called Strike 0-1: Ball 1-1: Ball 2-1: Foul Ball, location: 2F 2-2: Fly out, F6 (Popup, 56D, EV 71.2 MPH)
|
| Top of the 8th over - 0 runs, 1 hit, 0 errors, 1 left on base; Oklahoma City 4 - Colorado Springs 5 |
| BOTTOM OF THE 8TH |
|
Colorado Springs Sky Sox batting - Pitching for Oklahoma City Dodgers : RHP Victor Torres
|
|
Batting: RHB Maurice Moore
|
0-0: Called Strike 0-1: Ball 1-1: Foul Ball, location: 2F 1-2: Strikes out swinging
|
|
Batting: LHB Michael Krott
|
0-0: Ball 1-0: Ground out 4-3 (Groundball, 4S, EV 88.1 MPH)
|
|
Batting: RHB Pei Xie
|
0-0: Ball 1-0: Foul Ball, location: 2F 1-1: Called Strike 1-2: Strikes out looking
|
| Bottom of the 8th over - 0 runs, 0 hits, 0 errors, 0 left on base; Oklahoma City 4 - Colorado Springs 5 |
| TOP OF THE 9TH |
|
Oklahoma City Dodgers batting - Pitching for Colorado Springs Sky Sox : LHP Eric Zielinski
|
|
Pitching: RHP Mike Clark
|
|
|
Batting: LHB Steve Pond
|
0-0: Called Strike 0-1: Foul Ball, location: 2F 0-2: Ball 1-2: Strikes out swinging
|
|
Batting: LHB Darrell Ortega
|
0-0: Ball 1-0: Foul Ball, location: 2F 1-1: Foul Ball, location: 2F 1-2: Strikes out looking
|
|
Batting: LHB Tore Bosch
|
0-0: Ball 1-0: Ball 2-0: Ball 3-0: Base on Balls
|
|
Batting: LHB Ryan Murdock
|
0-0: Swinging Strike 0-1: Called Strike 0-2: Ball 1-2: Ball Wild Pitch! Tore Bosch to second 2-2: SINGLE (Groundball, 4MD, EV 96.2 MPH) Tore Bosch to third Runner from 3rd tries for Home, SAFE, throw by CF to home
|
|
Batting: RHB Kevin Ezell
|
0-0: Ball 1-0: Fielders Choice at 2nd, U6 (Groundball, 6M, EV 83.8 MPH)
|
| Top of the 9th over - 1 run, 1 hit, 0 errors, 1 left on base; Oklahoma City 5 - Colorado Springs 5 |
| BOTTOM OF THE 9TH |
|
Colorado Springs Sky Sox batting - Pitching for Oklahoma City Dodgers : RHP Victor Torres
|
|
Pitching: RHP André Gaillard
|
|
|
Batting: RHB Eric Delgado
|
0-0: Ground out 6-3 (Groundball, 6M, EV 83.1 MPH)
|
|
Pinch Hitting: LHB Kyle Schaible
|
0-0: Ball 1-0: Ball 2-0: Called Strike 2-1: SINGLE (Groundball, 34D, EV 95.0 MPH)
|
|
Batting: RHB Ryan Rinaldi
|
0-0: Called Strike 0-1: Ball 1-1: Foul Ball, location: 2F 1-2: Strikes out swinging
|
|
Batting: RHB Kevin Tangeman
|
0-0: Foul Ball, location: 2F 0-1: Ground out 5-3 (Groundball, 56S, EV 92.5 MPH)
|
| Bottom of the 9th over - 0 runs, 1 hit, 0 errors, 1 left on base; Oklahoma City 5 - Colorado Springs 5 |
| TOP OF THE 10TH |
|
Oklahoma City Dodgers batting - Pitching for Colorado Springs Sky Sox : RHP Mike Clark
|
|
Now at 1B: Luke Coulter
|
|
|
Batting: RHB Theo Schepers
|
0-0: Swinging Strike 0-1: Ball 1-1: Foul Ball, location: 2F 1-2: Strikes out swinging
|
|
Batting: RHB Tommy Hunter
|
0-0: Foul Ball, location: 2F 0-1: Fly out, F7 (Flyball, 7D, EV 103.1 MPH)
|
|
Batting: LHB Chris Buchan
|
0-0: Fly out, F4 (Line Drive, 3D, EV 68.1 MPH)
|
| Top of the 10th over - 0 runs, 0 hits, 0 errors, 0 left on base; Oklahoma City 5 - Colorado Springs 5 |
| BOTTOM OF THE 10TH |
|
Colorado Springs Sky Sox batting - Pitching for Oklahoma City Dodgers : RHP André Gaillard
|
|
Batting: SHB Chris Besselman
|
0-0: Ball 1-0: DOUBLE (Flyball, 8RXD, EV 112.5 MPH)
|
|
Batting: RHB John Boyer
|
0-0: Called Strike 0-1: Ball 1-1: SINGLE (Line Drive, 56D, EV 98.1 MPH) Chris Besselman to third
|
|
Batting: RHB Maurice Moore
|
0-0: Called Strike 0-1: Swinging Strike 0-2: Strikes out swinging
|
|
Batting: LHB Michael Krott
|
0-0: Ball 1-0: Called Strike 1-1: Fielders Choice at home, 4-2 (Groundball, 34, EV 88.1 MPH) John Boyer to second
|
|
Batting: RHB Pei Xie
|
0-0: Fielders Choice at 2nd, 6-4 (Groundball, 6, EV 90.0 MPH)
|
| Bottom of the 10th over - 0 runs, 2 hits, 0 errors, 2 left on base; Oklahoma City 5 - Colorado Springs 5 |
| TOP OF THE 11TH |
|
Oklahoma City Dodgers batting - Pitching for Colorado Springs Sky Sox : RHP Mike Clark
|
|
Pitching: RHP Jim Micaletti
|
|
|
Batting: RHB John Piccolo
|
0-0: Foul Ball, location: 2F 0-1: Ball 1-1: Foul Ball, location: 2F 1-2: Ball 2-2: Ground out 4-3 (Groundball, 4S, EV 68.1 MPH)
|
|
Batting: LHB Steve Pond
|
0-0: Ball 1-0: Ball 2-0: Ball 3-0: Base on Balls
|
|
Batting: LHB Darrell Ortega
|
0-0: Ball 1-0: Called Strike 1-1: Ball 2-1: Foul Ball, location: 2F 2-2: Foul Ball, location: 2F 2-2: Ball 3-2: Foul Ball, location: 2F 3-2: Foul Ball, location: 2F 3-2: Foul Ball, location: 2F 3-2: Foul Ball, location: 2F 3-2: Foul Ball, location: 2F 3-2: Base on Balls Steve Pond to second
|
|
Batting: LHB Tore Bosch
|
0-0: Ball 1-0: Bunted foul 1-1: Bunted foul 1-2: Grounds into double play, 4-6-3 (Groundball, 4, EV 90.0 MPH)
|
| Top of the 11th over - 0 runs, 0 hits, 0 errors, 1 left on base; Oklahoma City 5 - Colorado Springs 5 |
| BOTTOM OF THE 11TH |
|
Colorado Springs Sky Sox batting - Pitching for Oklahoma City Dodgers : RHP André Gaillard
|
|
Batting: RHB Eric Delgado
|
0-0: Swinging Strike 0-1: Ball 1-1: Fly out, F8 (Flyball, 8LS, EV 85.0 MPH)
|
|
Batting: LHB Luke Coulter
|
0-0: Ball 1-0: Called Strike 1-1: Swinging Strike 1-2: Ball 2-2: Foul Ball, location: 2F 2-2: Ball 3-2: Fly out, F8 (Flyball, 8LD, EV 103.8 MPH)
|
|
Batting: RHB Ryan Rinaldi
|
0-0: Called Strike 0-1: Ball 1-1: Ground out 4-3 (Groundball, 4S, EV 87.5 MPH)
|
| Bottom of the 11th over - 0 runs, 0 hits, 0 errors, 0 left on base; Oklahoma City 5 - Colorado Springs 5 |
| TOP OF THE 12TH |
|
Oklahoma City Dodgers batting - Pitching for Colorado Springs Sky Sox : RHP Jim Micaletti
|
|
Batting: LHB Ryan Murdock
|
0-0: Ball 1-0: Foul Ball, location: 2F 1-1: Ball 2-1: Swinging Strike 2-2: Foul Ball, location: 2F 2-2: Ball 3-2: Base on Balls
|
|
Batting: RHB Kevin Ezell
|
0-0: Ball 1-0: Bunted foul 1-1: Bunt missed! 1-2: Fly out, F8 (Line Drive, 8LD, EV 90.0 MPH)
|
|
Pitching: RHP Vas Karamyshev
|
|
|
Batting: RHB Theo Schepers
|
0-0: Ball 1-0: Ball 2-0: Swinging Strike 2-1: Ball 3-1: Base on Balls Ryan Murdock to second
|
|
Batting: RHB Tommy Hunter
|
0-0: Called Strike 0-1: Ball 1-1: Swinging Strike 1-2: Fielders Choice at 2nd, 4-6 (Groundball, 4, EV 81.9 MPH) Ryan Murdock to third
|
|
Batting: LHB Chris Buchan
|
0-0: Ground out 4-3 (Groundball, 34D, EV 101.9 MPH)
|
| Top of the 12th over - 0 runs, 0 hits, 0 errors, 2 left on base; Oklahoma City 5 - Colorado Springs 5 |
| BOTTOM OF THE 12TH |
|
Colorado Springs Sky Sox batting - Pitching for Oklahoma City Dodgers : RHP André Gaillard
|
|
Pitching: RHP Miguel Martinez
|
|
|
Batting: RHB Kevin Tangeman
|
0-0: Called Strike 0-1: Foul Ball, location: 2F 0-2: Ball 1-2: Foul Ball, location: 2F 1-2: Foul Ball, location: 2F 1-2: Foul Ball, location: 2F 1-2: Strikes out swinging
|
|
Batting: SHB Chris Besselman
|
0-0: SINGLE (Flyball, 6MD, EV 93.1 MPH)
|
|
Batting: RHB John Boyer
|
0-0: Foul Ball, location: 2F 0-1: Fly out, F7 (Line Drive, 78M, EV 86.2 MPH)
|
|
Batting: RHB Maurice Moore
|
0-0: Called Strike 0-1: Ball 1-1: Called Strike 1-2: Foul Ball, location: 2F 1-2: Ball 2-2: Foul Ball, location: 2F 2-2: Ball 3-2: Base on Balls Chris Besselman to second
|
|
Batting: LHB Michael Krott
|
0-0: Fly out, F8 (Flyball, 8LD, EV 101.2 MPH)
|
| Bottom of the 12th over - 0 runs, 1 hit, 0 errors, 2 left on base; Oklahoma City 5 - Colorado Springs 5 |
| TOP OF THE 13TH |
|
Oklahoma City Dodgers batting - Pitching for Colorado Springs Sky Sox : RHP Vas Karamyshev
|
|
Batting: RHB John Piccolo
|
0-0: Ball 1-0: Ball 2-0: Called Strike 2-1: Foul Ball, location: 2F 2-2: Ball 3-2: Base on Balls
|
|
Batting: LHB Steve Pond
|
0-0: Ball 1-0: Called Strike 1-1: Foul Ball, location: 2F 1-2: SINGLE (Flyball, 9LS, EV 91.2 MPH) John Piccolo to second Runner from 2nd tries for 3rd, SAFE, throw by RF made to third
|
|
Batting: LHB Darrell Ortega
|
0-0: Ball 1-0: Called Strike Steve Pond steals 2nd base (no throw) 1-1: Ball 2-1: Swinging Strike 2-2: Strikes out looking
|
|
Batting: LHB Tore Bosch
|
0-0: Intentional Walk
|
|
Batting: LHB Ryan Murdock
|
0-0: Ball 1-0: Ball 2-0: Ball 3-0: Base on Balls John Piccolo scores Steve Pond to third Tore Bosch to second
|
|
Batting: RHB Kevin Ezell
|
0-0: Grounds into fielders choice 5-2 (Groundball, 5S, EV 73.1 MPH) Tore Bosch to third Ryan Murdock to second
|
|
Batting: RHB Theo Schepers
|
0-0: Foul Ball, location: 2F 0-1: Ball Wild Pitch! Tore Bosch scores Ryan Murdock to third Kevin Ezell to second 1-1: Ball 2-1: Ball 3-1: Base on Balls
|
|
Pitching: LHP Kyle Mearkle
|
|
|
Batting: RHB Tommy Hunter
|
0-0: Called Strike 0-1: Ball 1-1: Ball 2-1: Called Strike 2-2: Ball 3-2: Strikes out swinging
|
| Top of the 13th over - 2 runs, 1 hit, 0 errors, 3 left on base; Oklahoma City 7 - Colorado Springs 5 |
| BOTTOM OF THE 13TH |
|
Colorado Springs Sky Sox batting - Pitching for Oklahoma City Dodgers : RHP Miguel Martinez
|
|
Pitching: LHP Ryan Fulford
|
|
|
Batting: RHB Pei Xie
|
0-0: Swinging Strike 0-1: Reached on error, E5 (Groundball, 56S, EV 90.6 MPH)
|
|
Batting: RHB Eric Delgado
|
0-0: Ball 1-0: Ball 2-0: Called Strike 2-1: Foul Ball, location: 2F 2-2: Ball 3-2: Base on Balls
|
|
Batting: LHB Luke Coulter
|
0-0: Called Strike 0-1: SINGLE (Groundball, 34S, EV 71.9 MPH) (infield hit) Pei Xie to third Eric Delgado to second
|
|
Batting: RHB Ryan Rinaldi
|
0-0: Ball 1-0: Foul Ball, location: 2F 1-1: Ball 2-1: Ball 3-1: Called Strike 3-2: Foul Ball, location: 2F 3-2: Strikes out swinging
|
|
Batting: RHB Kevin Tangeman
|
0-0: Foul Ball, location: 2F 0-1: Ball 1-1: Ball 2-1: Called Strike 2-2: Foul Ball, location: 2F 2-2: Foul Ball, location: 2F 2-2: Ball 3-2: SINGLE (Line Drive, 8LS, EV 111.9 MPH) Pei Xie scores Eric Delgado to third Luke Coulter to second
|
|
Pitching: RHP Paulo Guincho
|
|
|
Batting: SHB Chris Besselman
|
0-0: Foul Ball, location: 2F 0-1: Ball 1-1: Grounds into fielders choice 4-2 (Groundball, 4, EV 87.5 MPH) Luke Coulter to third Kevin Tangeman to second
|
|
Batting: RHB John Boyer
|
0-0: Called Strike 0-1: Ground out 4-3 (Groundball, 4, EV 102.5 MPH)
|
| Bottom of the 13th over - 1 run, 2 hits, 1 error, 3 left on base; Oklahoma City 7 - Colorado Springs 6 |
|